← All builds
Suicide front / Armada / Factory first / OBSERVED BUILD

Standard suicide front

Armada Suicide front build order · Supreme Isthmus

The role's baseline: Bot Lab at 0:21 then straight into reclaim-fed T1 bot production to contest the middle and hold until T2 arrives, with an Advanced Metal Extractor around 9:45.

#rush · 2020 distinct matches · 232 players · 71% of Armada Suicide front games · team won 59% of 2395 · Recently observed

HOW TO PLAY IT

Key timing: Bot Lab by 0:20

  1. Open with mex and lab-first to get Bot Lab up by 0:20.
  2. Expand mex and wind while lab pumps units toward middle.
  3. Push Sentry and early Rocketeer, Centurion to contest middle.
  4. Get T2 constructor out once Pond's boost lets you spare metal.
  5. Upgrade mex to Advanced Metal Extractor as you transition off T1 spam.

Phase by phase

TYPICAL OF ITS 2020 GAMES
  1. 1
  2. 2
  3. 3
PLAY THE OPENING

Follow the example game's first 6:00 step by step: what to build now, what comes next, and where it goes. At 1× it keeps pace with your own game.

  1. 1

    Bot Lab first

    Order
    1. Bot LabBot Lab done ~0:21, middle half 0:20–0:33

    Some games also: mex (44%)

  2. 2

    Bot Lab to 5:00

    Economy
    • Metal Extractor5Mex
    • Wind Turbine4Wind
    Builders
    • Construction Bot3 Con bot
    • Lazarus2 Lazarus
    Army
    • Sentry4 Sentry
    • Rocketeer16 Rocketeer
    • Tick2 Tick
    • Centurion1 Centurion
    Other
    • Radar Tower1 Radar Tower

    Some games also: pawn (37%) · con turret (34%)

    By 5:00 in all: 5 mex · 4 wind

    The example game in this phase · 31 steps
    1. TickTick
    2. Wind
    3. TickTick
    4. Construction BotCon bot ×2
    5. Mex
    6. SentrySentry
    7. RocketeerRocketeer
    8. Mex
    9. RocketeerRocketeer
    10. SentrySentry
    11. RocketeerRocketeer
    12. Mex
    13. RocketeerRocketeer ×2
    14. SentrySentry
    15. RocketeerRocketeer
    16. SentrySentry
    17. RocketeerRocketeer
    18. SentrySentry
    19. PawnPawn ×2
    20. LazarusLazarus
    21. PawnPawn
    22. SentrySentry
    23. PawnPawn ×2
    24. Mex
    25. Wind
    26. PawnPawn ×3
    27. Wind
    28. PawnPawn
    29. RocketeerRocketeer
    30. Mex
    31. RocketeerRocketeer ×5
  3. 3

    5:00 to 10:00

    Economy
    • Metal Extractor1Mex
    • Wind Turbine15Wind
    Builders
    • Construction Turret2 Con turret
    • Lazarus2 Lazarus
    • Construction Bot1 Con bot
    Army
    • Sentry1 Sentry
    • Rocketeer8 Rocketeer

    Some games also: pawn (49%) · Radar Tower (46%) · tick (45%) · centurion (44%) · energy storage (43%) · eat Bot Lab (31%)

    By 10:00 in all: 6 mex · 21 wind · 1 energy storage · 2 con turret

    The example game in this phase · 118 steps
    1. RocketeerRocketeer
    2. Construction BotCon bot
    3. RocketeerRocketeer
    4. SentrySentry
    5. RocketeerRocketeer
    6. BeamerBeamer
    7. RocketeerRocketeer
    8. Wind
    9. RocketeerRocketeer ×4
    10. Wind
    11. Construction BotCon botfor Geo
    12. Mex
    13. Construction BotCon bot
    14. Wind
    15. RocketeerRocketeer
    16. Con turret
    17. RocketeerRocketeer
    18. Advanced Metal ExtractorT2 mexdone 8:29 · typical 9:46
    19. RocketeerRocketeer ×5
    20. PawnPawn ×2
    21. Advanced Metal ExtractorT2 mex
    22. PawnPawn ×2
    23. Wind
    24. PawnPawn
    25. Wind
    26. PawnPawn
    27. Wind
    28. PawnPawn
    29. Wind
    30. Advanced Metal ExtractorT2 mex
    31. PawnPawn
    32. Wind
    33. PawnPawn ×2
    34. Wind
    35. PawnPawn
    36. Wind
    37. PawnPawn ×2
    38. Wind
    39. PawnPawn
    40. Wind
    41. PawnPawn
    42. Wind
    43. PawnPawn
    44. Mex
    45. Advanced Metal ExtractorT2 mex
    46. PawnPawn
    47. Energy storage
    48. PawnPawn
    49. Wind
    50. PawnPawn
    51. Energy storage
    52. PawnPawn ×4
    53. Con turret
    54. PawnPawn ×2
    55. Wind
    56. PawnPawn ×2
    57. Wind
    58. PawnPawn
    59. Wind ×3
    60. PawnPawn
    61. Wind ×2
    62. PawnPawn
    63. Wind
    64. PawnPawn
    65. Wind ×2
    66. PawnPawn
    67. Wind
    68. Construction BotCon bot
    69. Wind ×2
    70. Construction BotCon bot
    71. Wind
    72. Construction BotCon bot
    73. Wind ×2
    74. TickTick
    75. Wind
    76. TickTick
    77. Con turret
    78. TickTick
    79. Wind
    80. Con turret
    81. CenturionCenturion
    82. Naval Advanced Metal ExtractorNaval Advanced Metal Extractorfor Geo seadone 13:30
    83. Wind ×4
    84. TickTick
    85. Wind ×2
    86. TickTick
    87. Wind
    88. TickTick
    89. Wind
    90. CenturionCenturion
    91. Wind ×2
    92. TickTick ×2
    93. Wind
    94. TickTick
    95. CenturionCenturion
    96. TickTick ×2
    97. Wind
    98. TickTick
    99. CenturionCenturion
    100. TickTick
    101. Wind
    102. TickTick ×2
    103. CenturionCenturion
    104. TickTick ×2
    105. Wind
    106. TickTick
    107. CenturionCenturion
    108. TickTick ×2
    109. Wind
    110. TickTick
    111. CenturionCenturion
    112. Cloakable Fusion ReactorCloakable Fusion Reactornot finished by 15:00
    113. TickTick
    114. Con turret
    115. Wind
    116. TickTick ×2
    117. CenturionCenturion
    118. Wind

Counts are medians over the build's games: half of them build more, half fewer. The example game is q[o_o]p's (34 OS, 25/09/2026); pick another.

Team trades

IN AT LEAST 30% OF ITS GAMES

You hand over

Nothing regular.

You get

  • Tidal Generator4 Tidal from Pondfirst at 0:11 · in 68% of games
  • Advanced Construction Bot1 T2 con bot from Geo or Techfirst at 7:41 · in 57% of games

How it plays out

Typical game of this build, running totals by minute

Metal produced

010k20k
0:005:0010:0015:00

metal

Enemy metal destroyed

05k10k
0:005:0010:0015:00

metal

Own metal lost

05k10k
0:005:0010:0015:00

metal

2395 games.

Show as table
ByMetal produced: This buildEnemy metal destroyed: This buildOwn metal lost: This build
1:0023000
2:0088600
3:002007184130
4:003108643501
5:0041841352998
6:00534921831707
7:00654430512590
8:00776039353502
9:00903546904383
10:001041253145163
11:001188958585965
12:001358364066686
13:001540468757453
14:001729875038214
15:001929281099007
WHAT THE NUMBERS SAY

Standard Suicide front play wins a bit over half its games while taking the heaviest own losses of any role by 15:00.

  • + Produces 20142 metal by 15:00, highest of the front roles.
  • + First kill by 2:01 in all games, fastest contest of middle.
  • − Own metal lost hits 9178 by 15:00, more than enemy metal destroyed.
  • − Only 34% Rocketeer share shows army spread thin across many bot types.
THE EXAMPLE YOU ARE READING

q[o_o]p

34.1 OS · 25/09/2026

Open source match ↗

6 received units · includes a constructor
101 metal received · 16226 energy received

Allied construction assistance is unknown. Timings are observations, not a promise of solo reproducibility.

Typical milestones

Bot Lab0:21Middle 50%: 0:20–0:33 · n=2387
Advanced Metal Extractor9:46Middle 50%: 8:50–10:58 · n=1732

Played most by

_X_262games of this buildPlatinumBlonde188games of this buildXad165games of this buildTrapCaT109games of this buildImmort80games of this build